 Dungeon Sprint DCSS version 0.29.1-1-gd02db6906a (webtiles) character file.

Game seed: 9986472121932949930

25811 Groucho the Severer (level 12, -8/118 (122) HPs)
             Began as a Minotaur Fighter on Sept 28, 2022.
             Was the Champion of Qazlal.
             Shot with a bolt by a yaktaur (13 damage)
             ... in the Dungeon (Sprint V: "Ziggurat Sprint").
             The game lasted 00:15:05 (2714 turns).

Groucho the Severer (Minotaur Fighter)              Turns: 2714, Time: 00:15:05

HP:   -8/118 (122)  AC: 32    Str: 32    XL:     12   Next: 92%
MP:   20/22         EV:  9    Int:  5    God:    Qazlal [******]
Gold: 0             SH: 40    Dex: 16    Spells: 11/11 levels left

rFire   . . .      SeeInvis +   z - +14 obsidian axe {vorpal, Mesm Drain Fly SInv}
rCold   . . .      Faith    .   B - +18 shield of the Gong {rElec rN+ Will+ EV-5}
rNeg    + . .      Spirit   .   A - +15 Maxwell's patent armour {-Cast -Tele rElec Will+ rCorr}
rPois   .          Reflect  .   (helmet restricted)
rElec   +          Harm     .   (no cloak)
rCorr   +          Rampage  .   (no gloves)
Will    ++...      NoTele   +   J - +1 pair of boots {Stlth+}
Stlth   .......... NoCast   +   E - amulet of regeneration
HPRegen 0.00/turn               x - +6 ring of strength
MPRegen 0.18/turn               H - ring of Charity {Str+6 Int+2}

@: protected from physical damage, flying, mesmerised, inhibited regen, studying
2 skills, lightly drained, repel missiles
A: horns 2, retaliatory headbutt, deformed body, dopey 1, inhibited
regeneration, no potion heal 2
a: Renounce Religion, Upheaval, Elemental Force, Disaster Area


You were in the Dungeon.
You worshipped Qazlal.
Qazlal was exalted by your worship.
You visited 1 branch

Inventory:

Hand Weapons
 z - the +14 obsidian axe (weapon) {vorpal, Mesm Drain Fly SInv}
   (You found it in the Dungeon)

   It inflicts extra damage upon your enemies.
   It occasionally summons demons to assist the wielder when it strikes in
   combat.
   Its wielder is mesmerised by any visible foes.
   It cannot be unequipped while any foes are visible.
   SInv:      It lets you see invisible.
   Fly:       It grants you flight.
   Drain:     It drains your maximum health when unequipped.
 C - the +6 shillelagh "Devastator" {shatter}
   (You found it in the Dungeon)

   It releases a powerful concussive burst when it strikes, dealing extra damage
   to the target and all other foes adjacent to them.
 I - the +7 sling "Ceycrube" {vorpal, *Slow rF+ Int+2}
   (You found it in the Dungeon)

   Any ammunition fired from it inflicts extra damage upon your enemies.
   Int:       It affects your intelligence (+2).
   rF:        It protects you from fire.
   *Slow:     It may slow you when you take damage.
Armour
 a - +5 gold dragon scales
 A - the +15 Maxwell's patent armour (worn) {-Cast -Tele rElec Will+ rCorr}
   (You found it in the Dungeon)

   rElec:     It insulates you from electricity.
   -Cast:     It prevents spellcasting.
   -Tele:     It prevents most forms of teleportation.
   rCorr:     It protects you from acid and corrosion.
   Will:      It increases your willpower.
 B - the +18 shield of the Gong (worn) {rElec rN+ Will+ EV-5}
   (You found it in the Dungeon)

   It is deafeningly noisy when blocking attacks.
   EV:        It affects your evasion (-5).
   rElec:     It insulates you from electricity.
   rN:        It protects you from negative energy.
   Will:      It increases your willpower.
 J - a +1 pair of boots of stealth (worn)
Jewellery
 s - the ring of Qexiegh {rF+ Dex+3}
   (You found it in the Dungeon)

   [ring of protection from fire]

   Dex:       It affects your dexterity (+3).
   rF:        It protects you from fire.
 t - a +6 ring of dexterity
 u - a +6 ring of dexterity
 w - a +6 ring of intelligence
 x - a +6 ring of strength (left hand)
 y - a ring of poison resistance
 E - an amulet of regeneration (around neck)
 F - a ring of wizardry
 H - the ring of Charity (right hand) {Str+6 Int+2}
   (You found it in the Dungeon)

   [ring of strength]

   Str:       It affects your strength (+6).
   Int:       It affects your intelligence (+2).
 K - an amulet of guardian spirit
Wands
 q - a wand of mindburst (7)
 r - a wand of light (6)
Scrolls
 b - 4 scrolls of amnesia
 c - 7 scrolls of fog
 j - 4 scrolls of blinking
 k - 5 scrolls of identify
 l - 2 scrolls of fear
 D - 3 scrolls of brand weapon
 G - 4 scrolls of enchant armour
Potions
 d - 6 potions of might
 e - 9 potions of curing
 f - 10 potions of heal wounds
 g - 6 potions of haste
 h - 7 potions of magic
 i - 3 potions of berserk rage
 m - 2 potions of brilliance
 n - 2 potions of invisibility
 o - 4 potions of resistance
 p - a potion of experience
Miscellaneous
 v - a piece from Xom's chessboard (15/15)


   Skills:
 + Level 15.8 Fighting
 - Level 18.0 Axes
 + Level 15.8 Armour
 * Level 13.9 Dodging
 + Level 15.8 Shields
 + Level 10.0 Unarmed Combat
 * Level 15.7 Invocations


You had 11 spell levels left.
You didn't know any spells.
Your spell library contained the following spells:

 Spells                   Type           Power      Damage    Failure   Level
 Apportation              Tloc           0%         N/A       99%         1
 Sandblast                Erth           0%         2d4       99%         1
 Shock                    Conj/Air       0%         1d3       99%         1
 Summon Small Mammal      Summ           0%         N/A       99%         1
 Passwall                 Tmut/Erth      0%         N/A       100%        2
 Poisonous Vapours        Pois/Air       0%         N/A       100%        2
 Scorch                   Fire           0%         2d5       100%        2
 Static Discharge         Conj/Air       0%         3-3/arc   100%        2
 Sublimation of Blood     Necr           0%         N/A       100%        2
 Wereblood                Tmut           0%         N/A       100%        2
 Call Canine Familiar     Summ           0%         N/A       100%        3
 Frozen Ramparts          Ice            0%         1d1       100%        3
 Ozocubu's Armour         Ice            0%         N/A       100%        3
 Portal Projectile        Hex/Tloc       0%         N/A       100%        3
 Stone Arrow              Conj/Erth      0%         3d7       100%        3
 Swiftness                Air            0%         N/A       100%        3
 Teleport Other           Tloc           0%         N/A       100%        3
 Tukima's Dance           Hex            0%         N/A       100%        3
 Airstrike                Air            0%         2d(0-16)  100%        4
 Anguish                  Hex/Necr       0%         N/A       100%        4
 Animate Dead             Necr           0%         N/A       100%        4
 Dispel Undead            Necr           0%         3d6       100%        4
 Flame Wave               Conj/Fire      0%         2d4       100%        4
 Ice Form                 Ice/Tmut       0%         N/A       100%        4
 Leda's Liquefaction      Hex/Erth       0%         N/A       100%        4
 Summon Ice Beast         Ice/Summ       0%         N/A       100%        4
 Summon Lightning Spire   Summ/Air       0%         N/A       100%        4
 Fireball                 Conj/Fire      0%         3d3       100%        5
 Lightning Bolt           Conj/Air       0%         1d11      100%        5
 Death Channel            Necr           0%         N/A       100%        6
 Starburst                Conj/Fire      0%         6d3       100%        6
 Summon Cactus Giant      Summ           0%         N/A       100%        6
 Haunt                    Necr/Summ      0%         N/A       100%        7
 Storm Form               Tmut/Air       0%         N/A       100%        7
 Summon Hydra             Summ           0%         N/A       100%        7
 Ignition                 Fire           0%         3d3       100%        8
 Infestation              Necr           0%         N/A       100%        8
 Maxwell's Capacitive Co  Air            0%         ∞         100%        8


Dungeon Overview and Level Annotations

Branches:
Dungeon (1/1)

Altars:
Ashenzari
Cheibriados
Dithmenos
Elyvilon
Fedhas
Gozag
Hepliaklqana
Kikubaaqudgha
Makhleb
Nemelex Xobeh
Okawaru
Qazlal
Ru
Sif Muna
Trog
Uskayaw
Vehumet
Wu Jian
Xom
Yredelemnul
Zin
The Shining One
Jiyva
Lugonu

Annotations:
D 1 transporter


Innate Abilities, Weirdness & Mutations

You have a pair of horns on your head.
You reflexively headbutt those who attack you in melee.
Armour fits poorly on your strangely shaped body.
You are dopey. (Int -2)
You do not regenerate when monsters are visible.
Potions cannot restore your health.


Message History

You block the shadow dragon's attack.
PANG!
The yaktaur shoots a bolt.
GONNNNG!
You block the bolt.
Unknown command.
Unknown command.
You hit the shadow dragon but do no damage.
The shadow dragon is heavily wounded.
The vault guard blocks your chaos spawn's attack.
You block the vault guard's attack.
PANG!
The shadow dragon bites you.
* * * LOW HITPOINT WARNING * * *
You partially resist.
You feel drained. You block the shadow dragon's attack.
BOUMMMMG!
You block the shadow dragon's attack.
BOUMMMMG!
Unknown command.
Unknown command.
Unknown command.
You slice the shadow dragon!!
The shadow dragon is severely wounded.
The yaktaur shoots a bolt.
BONNNG!
You block the bolt.
Unknown command.
Unknown command.
Unknown command.
You are too injured to fight recklessly!
You slice the shadow dragon!!
The shadow dragon is almost dead.
Your chaos spawn hits the vault guard but does no damage.
The shadow dragon breathes negative energy at you.
The bolt of negative energy hits you! You partially resist.
You feel drained.
* * * LOW HITPOINT WARNING * * *
You block the vault guard's attack.
PTOANNNG!
The yaktaur shoots a bolt.
The bolt hits you!
You die...

▓........▓.
▓....8©8....▓........▓.
▓..).[[=.:..▓.▓....▓.▓.
▓...:})}):..▓...©....▓.
▓...........▓▓▓▓▓▓▓▓▓▓▓
▓...........▓...8©8...▓
▓....4p)....▓.........▓
▓...○)D)○...▓...}[|...▓
▓.)@§c▓ ▓.........▓
▓▓○°○▓▓ ▓.........▓
▓..▓§○...▓..▓.........▓
▓.....©.....▓.........▓
▓▓▓▓▓▓▓▓▓▓▓▓▓.▓.....▓.▓
▓....8©8....▓....©....▓
▓.|..:))....▓▓▓▓▓▓▓▓▓▓▓
▓...=.†.[...▓...8©8...▓
▓...........▓..|[))}..▓


You could see a shadow dragon (mesmerising, catching breath), a vault guard
(ally target), a yaktaur (corroded) and a friendly chaos spawn (summoned).

Vanquished Creatures
  A shadow dragon (D)
  2 nagarajas (D)
  An emperor scorpion (D)
  A stone giant (D)
  An entropy weaver (D)
  2 yaktaur captains (D)
  A boulder beetle (D)
  A hydra (D)
  6 vault guards (D)
  A spriggan air mage (D)
  2 radroaches (D)
  A spriggan berserker (D)
  A steelbarb worm (D)
  4 shining eyes (D)
  A moth of wrath (D)
  3 black mambas (D)
  A naga mage (D)
  A torpor snail (D)
  5 eyes of devastation (D)
  3 cane toads (D)
  2 rime drakes (D)
  3 hornets (D)
  A polar bear (D)
  3 slime creatures (D)
  A jumping spider (D)
  2 spriggans (D)
  4 air elementals (D)
  2 yaks (D)
  3 golden eyes (D)
  2 nagas (D)
  4 water moccasins (D)
  A floating eye (D)
  4 black bears (D)
  A wolf (D)
  2 phantoms (D)
  3 bullfrogs (D)
  A quasit (D)
  4 jellies (D)
  3 iguanas (D)
  A shadow imp (D)
  A white imp (D)
  A bat zombie (D)
  4 endoplasms (D)
  A jackal (D)
  A ball python (D)
94 creatures vanquished.

Vanquished Creatures (collateral kills)
  A shining eye (D)
  A necrophage (D)
2 creatures vanquished.

Vanquished Creatures (others)
  An endoplasm (D)
1 creature vanquished.

Grand Total: 97 creatures vanquished

Notes
Turn   | Place    | Note
-------+----------+-------------------------------------------
     0 | D        | Groucho the Minotaur Fighter began the quest for the Orb.
     0 | D        | Reached XP level 1. HP: 19/19 MP: 0/0
    18 | D        | Found a blossoming altar of Fedhas.
    18 | D        | Found the +6 Majin-Bo {vamp, MP+6 Int+6}
    18 | D        | Found the +9 heavy crossbow "Sniper" {vorpal, Acc+∞ SInv}
    18 | D        | Found the +10 dark maul {vorpal}
    18 | D        | Found the +15 Maxwell's patent armour {-Cast -Tele rElec
                  | Will+ rCorr}
    18 | D        | Found the +18 shield of the Gong {rElec rN+ Will+ EV-5}
    18 | D        | Found the +14 obsidian axe {vorpal, Mesm Drain Fly SInv}
    18 | D        | Found the +7 great mace "Firestarter" {inner flame, rF++}
    18 | D        | Found the +6 shillelagh "Devastator" {shatter}
    18 | D        | Found the +11 plutonium sword {Contam Stlth-}
    18 | D        | Found the +8 lance "Wyrmbane" {slay drac, rPois rF+ rC+
                  | AC+3}
    18 | D        | Found the +9 sword of Zonguldrok {reap}
    18 | D        | Found the +13 scythe of Curses {drain, Drain}
    18 | D        | Found the +5 sword of Power {vorpal}
    18 | D        | Found the +7 mace of Variability {chain chaos}
    18 | D        | Found the +7 Singing Sword {vorpal, sonic wave}
    18 | D        | Found the +8 storm bow {elec, penet}
    19 | D        | Found a viscous altar of Jiyva.
    19 | D        | Found a hazy altar of Hepliaklqana.
    19 | D        | Found a transporter.
    19 | D        | Found an opulent altar of Gozag.
    19 | D        | Found an ancient bone altar of Kikubaaqudgha.
    19 | D        | Found a corrupted altar of Lugonu.
    21 | D        | Found a burning altar of Makhleb.
    22 | D        | Found a sacrificial altar of Ru.
    22 | D        | Found a shimmering blue altar of Sif Muna.
    22 | D        | Found a stormy altar of Qazlal.
    22 | D        | Found a bloodstained altar of Trog.
    22 | D        | Found an iron altar of Okawaru.
    22 | D        | Found a sparkling altar of Nemelex Xobeh.
    71 | D        | Became a worshipper of Qazlal Stormbringer
    84 | D        | Entered arena 2.
    84 | D        | Noticed a slime creature
    84 | D        | Noticed a golden eye
    84 | D        | Found a transporter.
    86 | D        | Killed a golden eye
    87 | D        | Reached skill level 5 in Axes
    87 | D        | Reached XP level 2. HP: 31/31 MP: 0/4
    87 | D        | Reached XP level 3. HP: 38/38 MP: 0/5
    87 | D        | Reached XP level 4. HP: 45/45 MP: 0/6
    87 | D        | Reached XP level 5. HP: 51/51 MP: 0/7
    88 | D        | Killed a slime creature
    89 | D        | Reached skill level 7 in Axes
    89 | D        | Reached skill level 5 in Invocations
    89 | D        | Reached XP level 6. HP: 61/61 MP: 0/9
   169 | D        | Entered arena 3.
   169 | D        | Found a transporter.
   173 | D        | Reached * piety under Qazlal
   283 | D        | Entered arena 4.
   283 | D        | Found a transporter.
   284 | D        | Reached ** piety under Qazlal
   289 | D        | Reached skill level 8 in Axes
   290 | D        | Reached *** piety under Qazlal
   291 | D        | Reached XP level 7. HP: 70/70 MP: 9/11
   311 | D        | Entered arena 5.
   311 | D        | Noticed an air elemental
   311 | D        | Noticed an air elemental
   311 | D        | Noticed an air elemental
   311 | D        | Noticed an air elemental
   311 | D        | Found a transporter.
   311 | D        | Paralysed by an air elemental for 1 turns
   313 | D        | Killed an air elemental
   313 | D        | Killed an air elemental
   314 | D        | Reached skill level 9 in Axes
   315 | D        | Paralysed by an air elemental for 1 turns
   316 | D        | Killed an air elemental
   317 | D        | Reached skill level 10 in Fighting
   317 | D        | Reached skill level 10 in Armour
   317 | D        | Reached skill level 10 in Shields
   317 | D        | Reached XP level 8. HP: 56/79 MP: 8/12
   319 | D        | Killed an air elemental
   320 | D        | Reached skill level 10 in Axes
   594 | D        | Entered arena 6.
   594 | D        | Found the +7 captain's cutlass {speed, disarm}
   594 | D        | Found a transporter.
   595 | D        | Reached **** piety under Qazlal
   644 | D        | Entered arena 7.
   644 | D        | Noticed a black mamba
   646 | D        | Reached skill level 11 in Axes
   647 | D        | Reached XP level 9. HP: 89/89 MP: 7/14
   647 | D        | Killed a black mamba
   648 | D        | Reached ***** piety under Qazlal
   650 | D        | Found a transporter.
   848 | D        | Entered arena 8.
   848 | D        | Noticed a cane toad
   848 | D        | Noticed a cane toad
   850 | D        | Killed a cane toad
   851 | D        | Reached skill level 1 in Unarmed Combat
   852 | D        | Reached skill level 12 in Axes
   852 | D        | Killed a cane toad
   853 | D        | Reached skill level 10 in Invocations
  1118 | D        | Found a transporter.
  1125 | D        | Got the ring of Charity {Str+6 Int+2}
  1136 | D        | Got the ring of Qexiegh {rF+ Dex+3}
  1138 | D        | Entered arena 9.
  1138 | D        | Noticed an eye of devastation
  1138 | D        | Noticed a shining eye
  1138 | D        | Noticed an eye of devastation
  1138 | D        | Noticed an eye of devastation
  1141 | D        | Killed an eye of devastation
  1147 | D        | Gained mutation: Armour fits poorly on your strangely
                  | shaped body. [a shining eye]
  1148 | D        | Gained mutation: You are dopey. (Int -2) [a shining eye]
  1149 | D        | Killed an eye of devastation
  1149 | D        | Killed an eye of devastation
  1149 | D        | Gained mutation: You do not regenerate when monsters are
                  | visible. [a shining eye]
  1150 | D        | Reached skill level 13 in Axes
  1150 | D        | Reached skill level 5 in Dodging
  1150 | D        | Reached XP level 10. HP: 30/100 MP: 4/17
  1151 | D        | Found a transporter.
  1151 | D        | Killed a shining eye
  1339 | D        | Got the Lessons on Misery and the Wayfarer
  1454 | D        | Entered arena 10.
  1454 | D        | Noticed a shining eye
  1454 | D        | Noticed a shining eye
  1456 | D        | Killed a shining eye
  1458 | D        | Gained mutation: You have hidden genetic defects. [a
                  | shining eye]
  1459 | D        | Killed a shining eye
  1751 | D        | Found a transporter.
  1774 | D        | Entered arena 11.
  1774 | D        | Noticed a shining eye
  1774 | D        | Noticed a shining eye
  1774 | D        | Noticed an eye of devastation
  1774 | D        | Noticed an eye of devastation
  1775 | D        | Reached ****** piety under Qazlal
  1776 | D        | Killed a shining eye
  1776 | D        | Killed an eye of devastation
  1777 | D        | Reached skill level 14 in Axes
  1777 | D        | Reached skill level 5 in Unarmed Combat
  1778 | D        | Killed a shining eye
  1778 | D        | Gained mutation: Potions are less effective at restoring
                  | your health. [hidden defects]
  1779 | D        | Killed an eye of devastation
  2085 | D        | Found a transporter.
  2093 | D        | Got the ring of the Lost Thieving Beds {Fly rC- Will+ Str+3
                  | Int+6}
  2107 | D        | Entered arena 12.
  2107 | D        | Noticed a seven-headed hydra
  2107 | D        | Noticed a spriggan berserker
  2107 | D        | Noticed a cane toad
  2107 | D        | Noticed a spriggan air mage
  2109 | D        | Killed a cane toad
  2109 | D        | Killed a spriggan air mage
  2110 | D        | Reached skill level 15 in Axes
  2110 | D        | Reached XP level 11. HP: 108/108 MP: 10/19
  2110 | D        | Killed a spriggan berserker
  2111 | D        | Killed a seven-headed hydra
  2129 | D        | Gained mutation: Potions cannot restore your health.
                  | [hidden defects]
  2129 | D        | Lost mutation: You have hidden genetic defects. [hidden
                  | defects expressed]
  2203 | D        | Found a transporter.
  2213 | D        | Got the Precepts of the Ghastly Traveller
  2224 | D        | Got Miostare's Octavo of the Altered Welkin
  2227 | D        | Entered arena 13.
  2227 | D        | Noticed a nagaraja
  2228 | D        | Noticed a nagaraja
  2230 | D        | Reached skill level 10 in Dodging
  2231 | D        | Killed a nagaraja
  2232 | D        | Reached skill level 16 in Axes
  2232 | D        | Killed a nagaraja
  2497 | D        | Found a transporter.
  2510 | D        | Got Weopoa's Secrets of Guile and the Tempest
  2516 | D        | Got the +7 sling "Ceycrube" {vorpal, *Slow rF+ Int+2}
  2519 | D        | Got the Encyclopedia of the Productive Iceberg
  2545 | D        | Entered arena 14.
  2545 | D        | Noticed an emperor scorpion
  2546 | D        | Noticed a radroach
  2546 | D        | Noticed an entropy weaver
  2546 | D        | Noticed a steelbarb worm
  2546 | D        | Noticed a boulder beetle
  2546 | D        | Noticed a radroach
  2549 | D        | Killed a radroach
  2549 | D        | Killed a radroach
  2549 | D        | Killed an entropy weaver
  2549 | D        | Killed a steelbarb worm
  2549 | D        | Killed an emperor scorpion
  2550 | D        | Reached skill level 15 in Fighting
  2550 | D        | Reached skill level 17 in Axes
  2550 | D        | Reached skill level 15 in Armour
  2550 | D        | Reached skill level 15 in Shields
  2550 | D        | Reached XP level 12. HP: 119/119 MP: 1/21
  2556 | D        | Killed a boulder beetle
  2665 | D        | Found a transporter.
  2695 | D        | Entered arena 15.
  2695 | D        | Noticed a vault guard
  2695 | D        | Noticed a shadow dragon
  2695 | D        | Noticed a stone giant
  2695 | D        | Noticed a vault guard
  2696 | D        | Noticed a yaktaur captain
  2696 | D        | Noticed a vault guard
  2696 | D        | Noticed a shadow dragon
  2696 | D        | Noticed a vault guard
  2696 | D        | Identified the +9 trident of the Stoat {vorpal, Int+4}
  2696 | D        | Noticed a vault guard
  2696 | D        | Noticed a vault guard
  2696 | D        | Noticed a vault guard
  2697 | D        | Noticed a yaktaur captain
  2698 | D        | Found a transporter.
  2702 | D        | Killed a vault guard
  2703 | D        | Killed a vault guard
  2703 | D        | Killed a shadow dragon
  2704 | D        | Reached skill level 15 in Invocations
  2704 | D        | Killed a vault guard
  2704 | D        | Killed a stone giant
  2705 | D        | Reached skill level 18 in Axes
  2705 | D        | Killed a vault guard
  2709 | D        | Killed a vault guard
  2709 | D        | Killed a vault guard
  2709 | D        | Killed a yaktaur captain
  2710 | D        | Killed a yaktaur captain
  2711 | D        | Reached skill level 10 in Unarmed Combat
  2714 | D        | HP: 5/118 [shadow dragon/bolt of negative energy (16)]
  2714 | D        | Shot with a bolt by a yaktaur

Illustrated notes

Levels and vault maps discovered:
D:        sprint_v [room_start, room_1, room_2, room_3, room_4, room_5, room_6,
          room_7, room_8, room_9, room_10, room_11, room_12, room_13, room_14,
          room_15, room_16, room_17, room_18, room_19, room_20, room_21,
          room_22, room_23, room_24, room_25, room_26, room_27]

Skill      XL: |  1  2  3  4  5  6  7  8  9 10 11 12 |
---------------+-------------------------------------+-----
Fighting       | 6 7 9 10 11 12 13 15 | 15.8
Axes           | 5 7 8 9 11 13 15 17 18 | 18.0
Armour         | 6 7 9 10 11 12 13 15 | 15.8
Shields        | 6 7 9 10 11 12 13 15 | 15.8
Invocations    | 4 5 6 7 9 10 12 14 15 | 15.7
Dodging        | 5 9 12 13 | 13.9
Unarmed Combat | 3 6 8 10 | 10.0

Action                   |  1- 3 |  4- 6 |  7- 9 | 10-12 || total
-------------------------+-------+-------+-------+-------++-------
Melee: Broad axe         |     1 |    10 |    15 |    22 ||    48
       Headbutt          |       |       |     1 |     7 ||     8
Invok: Upheaval          |       |       |    16 |    17 ||    33
       Disaster Area     |       |       |       |     4 ||     4
Evoke: Wand              |       |       |       |     1 ||     1
  Use: Potion            |       |       |     1 |       ||     1
Armor: Plate armour      |       |     5 |    18 |    12 ||    35
Dodge: Dodged            |       |       |     1 |     6 ||     7
Block: Kite shield       |     2 |    13 |    10 |    45 ||    70
